 Dungeon Crawl Stone Soup version 0.30-a0-170-g85af917532 (webtiles) character file.

Game seed: 5322175927465431103

219 qw the Chopper (level 5, -13/33 HPs)
             Began as a Gargoyle Fighter on Sept 30, 2022.
             Mangled by an ogre
             ... wielding a +0 giant spiked club
              (21 damage)
             ... on level 4 of the Dungeon.
             The game lasted 00:01:14 (3546 turns).

qw the Chopper (Gargoyle Fighter)                   Turns: 3546, Time: 00:01:14

Health: -13/33     AC: 14    Str: 21    XL:     5   Next: 96%
Magic:  5/5        EV:  7    Int:  9    God:
Gold:   174        SH:  4    Dex:  9    Spells: 4/4 levels left

rFire   . . .      SeeInvis .    Y - +1 war axe
rCold   . . .      Faith    .    c - +0 buckler
rNeg    + . .      Spirit   .    h - +0 chain mail
rPois   inf        Reflect  .    (no helmet)
rElec   +          Harm     .    (no cloak)
rCorr   .          Rampage  .    l - +0 pair of gloves
Will    .....                    (no boots)
Stlth   ..........               (no amulet)
HPRegen 0.11/turn                (no ring)
MPRegen 0.09/turn                (no ring)

@: no status effects
A: sickness immunity, AC +4, negative energy resistance 1, electricity
resistance, torment resistance 1, petrification resistance
a: no special abilities


You were on level 4 of the Dungeon.
You visited 1 branch of the dungeon, and saw 4 of its levels.

You collected 174 gold pieces.


Innate Abilities, Weirdness & Mutations

You are immune to sickness and miasma.
Your stone body is resilient. (AC +4)
You are immune to poison.
You resist negative energy. (rN+)
You are resistant to electric shocks. (rElec)
You are resistant to unholy torment.
You are immune to petrification.


   Skills:
 - Level 4.1 Fighting
 + Level 5.0 Axes
 - Level 3.2 Armour
 - Level 3.2 Shields


You had 4 spell levels left.
You didn't know any spells.
Your spell library was empty.

Inventory:

Hand Weapons
 j - a +0 hand axe of flaming
 Y - a +1 war axe (weapon)
Missiles
 m - a boomerang (quivered)
Armour
 c - a +0 buckler (worn)
 h - a +0 chain mail (worn)
 l - a +0 pair of gloves (worn)
Jewellery
 b - a ring of magical power
Scrolls
 a - 2 scrolls of identify
Potions
 d - 2 potions of might
 f - 2 potions of curing

Dungeon Overview and Level Annotations

Branches:
Dungeon (4/15)
 Temple: D:4-7

Altars:

Shops:
D:1 =   D:2 (

Annotations:
D:4 Sigmund


Message History

You hit the orc but do no damage.
The orc priest hits you but does no damage.
You block the orc's attack.
An ogre comes into view. It is wielding a +0 giant spiked club.
The ogre shouts!
You slash the orc priest!
You kill the orc priest!
You slash the orc!
You kill the orc!
Your Fighting skill increases to level 4!
You hit the orc.
The orc is heavily wounded.
You block the orc's attack. The orc closely misses you.
You barely miss the orc.
The orc is heavily wounded.
Sigmund the Dreaded comes into view.
He is wielding a +2 vampiric scythe.
You block the orc's attack.
Sigmund shouts!
You slash the orc!
You kill the orc!
You hit the dart slug.
The dart slug is lightly wounded.
The orc throws a boomerang.
The boomerang hits you but does no damage.
You block the dart slug's attack.
The ogre hits you with a +0 giant spiked club!!
Ouch! That really hurt!
Sigmund mumbles some strange words.
Sigmund flickers and vanishes!
Deactivating autopickup; reactivate with Ctrl-A.
You hit the dart slug.
The dart slug is moderately wounded.
You hit the ogre but do no damage.
The dart slug bites you but does no damage.
You completely miss the dart slug.
The dart slug is moderately wounded.
You hit the ogre.
The ogre hits you with a +0 giant spiked club!!
Ouch! That really hurt!
You die...

.#............ .....
...........(... ....
##............. ...#
#..............
...###.....#.)......
.).#...............
#$o...............#
#Ow.....##........#
#@......#.........
#.##..............
#.##.......#.###.. #.#
.....### ##.. .###
#.###.....#####...
.....#.....#.#.#.##..##
#.....####.#.......#
###......#...####....
#.............###...


You could see an ogre, a dart slug and an orc.

Vanquished Creatures
  An orc priest (D:4)
  4 gnolls (D:3)
  3 adders (D:2)
  3 river rats (D:3)
  4 worms (D:3)
  A dart slug (D:1)
  6 orcs
  8 ball pythons
  7 endoplasms
  2 giant cockroaches (D:2)
  7 hobgoblins
  4 quokkas
  8 bats
  4 frilled lizards
  11 goblins
  3 kobolds (D:1)
  6 rats
82 creatures vanquished.

Notes
Turn   | Place    | Note
-------+----------+-------------------------------------------
     0 | D:1      | qw the Gargoyle Fighter began the quest for the Orb.
     0 | D:1      | Reached XP level 1. HP: 14/14 MP: 1/1
     0 | D:1      | 0 ||| qw: Version: 0.2-a-12-gaebbb33
     0 | D:1      | 0 ||| qw: Game counter: 1508
     0 | D:1      | 0 ||| qw: Always use a shield: true
     0 | D:1      | 0 ||| qw: God list: Okawaru
     0 | D:1      | 0 ||| qw: Allow faded altars: false
     0 | D:1      | 0 ||| qw: Do Orc after D:15 true
     0 | D:1      | 0 ||| qw: Do second Lair branch before Depths: true
     0 | D:1      | 0 ||| qw: Lair rune preference: random
     0 | D:1      | 0 ||| qw: Plans: Normal, Zot:1-4, God:TSO, Crypt, Tomb,
                  | Pan, Slime:5, Hells, Abyss, Orb
     0 | D:1      | 0 ||| PLANNING D:1-11
    99 | D:1      | Reached skill level 2 in Axes
   135 | D:1      | 135 ||| Stepping ~*~*~tactically~*~*~ (stealth).
   146 | D:1      | 146 ||| Stepping ~*~*~tactically~*~*~ (stealth).
   155 | D:1      | 155 ||| Stepping ~*~*~tactically~*~*~ (stealth).
   171 | D:1      | Reached XP level 2. HP: 19/19 MP: 2/2
   390 | D:1      | Reached skill level 3 in Axes
   479 | D:1      | Reached XP level 3. HP: 23/23 MP: 3/3
   646 | D:1      | 646 ||| Stepping ~*~*~tactically~*~*~ (stealth).
   855 | D:1      | Found Yhutem's Jewellery Emporium.
   870 | D:1      | 870 ||| SHOPLISTING amulet of guardian spirit (420 gold,
                  | have 31).
   870 | D:1      | 870 ||| SHOPLISTING amulet of reflection (420 gold, have
                  | 31).
   870 | D:1      | 870 ||| SHOPLISTING amulet of regeneration (420 gold, have
                  | 31).
   870 | D:1      | 870 ||| SHOPLISTING ring "Plog" {*Corrode rC+ Will+ Str+4
                  | Int+10} (879 gold, have 31).
   870 | D:1      | 870 ||| SHOPLISTING ring of resist corrosion (280 gold,
                  | have 31).
   870 | D:1      | 870 ||| SHOPLISTING ring of willpower (350 gold, have 31).
   878 | D:1      | 878 ||| DROPPING amulet of magic regeneration.
   879 | D:1      | 879 ||| READING 4 scrolls labelled VEIFAN KESHRU.
   880 | D:1      | 880 ||| READING scroll labelled MIAQOC CURGH.
   881 | D:1      | 881 ||| READING scroll labelled XEITHR BOMEHIFI.
   882 | D:1      | 882 ||| READING scroll labelled HAUTUZXIRU.
   883 | D:1      | 883 ||| READING 2 scrolls labelled HAKAGO SUAHIRU.
   888 | D:1      | 888 ||| READING scroll labelled INUROE FOIGYAM.
   889 | D:1      | 889 ||| DRINKING 2 glowing red potions.
  1255 | D:2      | Reached XP level 4. HP: 21/28 MP: 4/4
  1400 | D:2      | Found a faded altar of an unknown god.
  1427 | D:2      | Reached skill level 4 in Axes
  1760 | D:2      | Found Guuggies's Weapon Shoppe.
  1763 | D:2      | 1763 ||| SHOPLISTING +0 flail (49 gold, have 43).
  1796 | D:2      | 1796 ||| UPGRADING to +0 chain mail.
  1806 | D:2      | 1806 ||| DROPPING +0 scale mail.
  1807 | D:2      | 1807 ||| UPGRADING to +0 pair of gloves.
  1812 | D:2      | 1812 ||| READING scroll labelled GECZEO HUEDD.
  1813 | D:2      | 1813 ||| READING 3 scrolls of identify.
  1813 | D:2      | 1813 ||| IDENTIFYING fizzy cyan potion
  1814 | D:2      | 1814 ||| READING 2 scrolls of identify.
  1814 | D:2      | 1814 ||| IDENTIFYING fuming emerald potion
  1815 | D:2      | 1815 ||| DROPPING potion of berserk rage.
  1850 | D:3      | 1850 ||| PLANNING SEWER
  2134 | D:3      | 2134 ||| Stepping ~*~*~tactically~*~*~ (stealth).
  2257 | D:3      | 2257 ||| DROPPING +0 club.
  2296 | D:3      | 2296 ||| Stepping ~*~*~tactically~*~*~ (hiding).
  2297 | D:3      | 2297 ||| Stepping ~*~*~tactically~*~*~ (stealth).
  2298 | D:3      | 2298 ||| Stepping ~*~*~tactically~*~*~ (hiding).
  2300 | D:3      | 2300 ||| Stepping ~*~*~tactically~*~*~ (hiding).
  2352 | D:3      | 2352 ||| DROPPING +0 flail.
  2410 | D:3      | Reached XP level 5. HP: 32/32 MP: 5/5
  2414 | D:3      | 2414 ||| Stepping ~*~*~tactically~*~*~ (stealth).
  2559 | D:3      | 2559 ||| RIP SEWER
  2560 | D:3      | 2560 ||| PLANNING D:1-11
  2567 | D:3      | HP: 7/32 [river rat (6)]
  2568 | D:3      | 2568 ||| READING 2 scrolls of teleportation.
  2569 | D:3      | 2569 ||| DRINKING potion of heal wounds.
  2895 | D:3      | HP: 5/32 [river rat (5)]
  2896 | D:3      | 2896 ||| READING scroll of teleportation.
  2897 | D:3      | 2897 ||| DRINKING potion of heal wounds.
  3160 | D:3      | Reached skill level 5 in Axes
  3353 | D:3      | 3353 ||| READING scroll labelled ZAHOGI ODAKHLAT.
  3411 | D:3      | 3411 ||| DRINKING 2 fizzy white potions.
  3412 | D:3      | 3412 ||| READING 3 scrolls of identify.
  3412 | D:3      | 3412 ||| IDENTIFYING murky silvery potion
  3413 | D:3      | 3413 ||| READING 2 scrolls of identify.
  3413 | D:3      | 3413 ||| IDENTIFYING fizzy amethyst potion
  3414 | D:3      | 3414 ||| DROPPING potion of brilliance.
  3415 | D:3      | 3415 ||| DROPPING potion of magic.
  3416 | D:3      | 3416 ||| DROPPING potion of flight.
  3539 | D:4      | Noticed an ogre
  3542 | D:4      | Noticed Sigmund
  3544 | D:4      | HP: 8/33 [ogre/+0 giant spiked club (20)]
  3546 | D:4      | Mangled by an ogre

Levels and vault maps discovered:
D:1:      zaba_arrival_water, layout_loops_ring, serial_shops,
          nicolae_shop_advertising_works [nicolae_subvault_shop_adworks],
          minmay_shallow_snake_nest
D:2:      layout_loops_ring, serial_shops, nicolae_shop_behind_doors,
          ebering_ecumenical_altar_petrified, grunt_decor_arrowhead
D:3:      minmay_evil_eye, layout_basic, lightli_sewer_entry_pipes,
          guppyfry_early_orc_mine
D:4:      layout_cave_pools, uniq_sigmund, uniq_natasha

Skill      XL: |  1  2  3  4  5 |
---------------+----------------+-----
Axes           | 2 3 4 5 |  5.0
Fighting       | 4 |  4.1
Armour         | |  3.2
Shields        | |  3.2

Action                   |  1- 3 |  4- 6 || total
-------------------------+-------+-------++-------
Melee: War axe           |    90 |   150 ||   240
Throw: Boomerang         |       |    15 ||    15
  Use: Scroll            |     6 |     8 ||    14
       Potion            |     1 |     3 ||     4
Armor: Scale mail        |    42 |     1 ||    43
       Chain mail        |       |    75 ||    75
Dodge: Dodged            |    40 |    46 ||    86
Block: Buckler           |    14 |    27 ||    41

Table legend:
 A = Non-vault XP
 B = Vault XP
 C = Vault XP percentage of total XP
 D = Non-vault monster count
 E = Vault monster count
 F = Vault count percentage of total count
                 A         B        C        D         E       F
            +---------+---------+-------+---------+---------+-------
      Total |     230 |      84 |  26.8 |      60 |      22 |  26.8
            +---------+---------+-------+---------+---------+-------
        D:1 |      44 |       5 |  10.2 |      26 |       3 |  10.3
        D:2 |      60 |       0 |   0.0 |      15 |       0 |   0.0
        D:3 |      76 |      79 |  51.0 |      15 |      19 |  55.9
        D:4 |      50 |       0 |   0.0 |       4 |       0 |   0.0
            +---------+---------+-------+---------+---------+-------
